 Dungeon Crawl Stone Soup version 0.18-a0-1554-g49b38aa (webtiles) character file.

523 Oddball22 the Stinger (level 7, -6/41 HPs)
             Began as an Octopode Venom Mage on Mar 12, 2016.
             Mangled by a giant frog zombie (7 damage)
             ... on level 6 of the Dungeon.
             The game lasted 00:19:20 (5607 turns).

Oddball22 the Stinger (Octopode Venom Mage)         Turns: 5607, Time: 00:19:20

Health: -6/41      AC:  1    Str:  8    XL:     7   Next: 22%
Magic:  11/14      EV: 12    Int: 19    God:
Gold:   194        SH:  0    Dex: 16    Spells: 5 memorised, 1 level left

rFire  + + .     SeeInvis .     x - +0 rapier "Tinwymelec" {flame, rF++ Dex+4}
rCold  . . .     Gourm    .     (no shield)
rNeg   . . .     Faith    .     (helmet restricted)
rPois  .         Spirit   .     (no amulet)
rElec  .         Dismiss  .     c - ring of flight
rCorr  .         Reflect  .     (no ring)
SustAt .         Harm     .     (no ring)
MR     .....                    (no ring)
Stlth  +++.......               (no ring)
                                (no ring)
                                (no ring)
                                (no ring)

@: lethally poisoned (-6 -> -11), not resistant to hostile enchantments, fairly
stealthy
A: almost no armour, amphibious, 8 rings, constrict 8, camouflage 1, gelatinous
body 1
a: Evoke Flight


You were on level 6 of the Dungeon.
You were very hungry.

You visited 2 branches of the dungeon, and saw 7 of its levels.

You collected 194 gold pieces.

Inventory:

Hand Weapons
 o - a +2 dagger of venom
 x - the +0 rapier "Tinwymelec" (weapon) {flame, rF++ Dex+4}
   (You found it on level 6 of the Dungeon)

   It has been specially enchanted to burn those struck by it, causing extra
   injury to most foes and up to half again as much damage against particularly
   susceptible opponents.
   It affects your dexterity (+4).
   It greatly protects you from fire.
Missiles
 l - 70 poisoned needles
Magical Staves
 n - an uncursed staff of earth
Jewellery
 c - a ring of flight (left tentacle)
 t - an uncursed ring of wizardry
Wands
 m - a wand of enslavement (14/24)
Scrolls
 d - 2 scrolls of identify
 e - 2 scrolls of recharging {unknown}
 g - 3 scrolls of remove curse {unknown}
 i - 2 scrolls of teleportation {unknown}
 j - 3 scrolls of immolation {unknown}
 k - a scroll of enchant armour {unknown}
 p - a scroll of fear {unknown}
 s - 2 scrolls of noise {unknown}
 v - a scroll of fog {unknown}
 w - a scroll of amnesia {unknown}
Books
 a - a Young Poisoner's Handbook

   Spells                             Type                      Level
   a - Sting                          Conjuration/Poison           1
   b - Cure Poison                    Poison                       2
   c - Mephitic Cloud                 Conjuration/Poison/Air       3
   d - Olgreb's Toxic Radiance        Poison                       4
   e - Venom Bolt                     Conjuration/Poison           5
 f - a book of Transfigurations

   Spells                             Type                      Level
   a - Irradiate                      Conjuration/Transmutation    5
   b - Statue Form                    Transmutation/Earth          6
   c - Hydra Form                     Transmutation                6
   d - Dragon Form                    Transmutation                7
Comestibles
 b - 2 bread rations
 h - 16 fruits
 q - a royal jelly
 r - 2 meat rations
 u - a slice of pizza


   Skills:
 - Level 2.0 Dodging
 - Level 2.6 Stealth
 - Level 5.0 Spellcasting
 + Level 2.9 Conjurations
 + Level 2.5 Air Magic
 - Level 6.2 Poison Magic


You had one spell level left.
You knew the following spells:

 Your Spells              Type           Power        Failure   Level  Hunger
a - Sting                 Conj/Pois      ###.         1%          1    None
b - Cure Poison           Pois           ####......   1%          2    #......
c - Mephitic Cloud        Conj/Pois/Air  ###.....     10%         3    ##.....
d - Olgreb's Toxic Radia  Pois           ####....     12%         4    ####...
e - Venom Bolt            Conj/Pois      ###.......   63%         5    ######.


Dungeon Overview and Level Annotations

Branches:
Dungeon (6/15)             Temple (1/1) D:6

Altars:
Ashenzari
Cheibriados
Dithmenos
Elyvilon
Fedhas
Gozag
Nemelex Xobeh
Okawaru
Qazlal
Ru
Trog
Xom
Yredelemnul
Zin
The Shining One

Annotations:
D:4 trgk's ghost, amateur MiGl


Innate Abilities, Weirdness & Mutations

You cannot wear most types of armour.
You are amphibious.
You can wear up to eight rings at the same time.
You can use your tentacles to constrict eight enemies at once.
Your skin changes colour to match your surroundings (Stealth).
Your rubbery body absorbs attacks (AC +1).


Message History

You feel sick.
You kill the orc!
The giant frog zombie hits you. x2
You feel sick.
You feel sick.
You kill the orc!
You feel sick.
The orc priest calls down the wrath of Beogh upon you.
Pain shoots through your body!
* * * LOW HITPOINT WARNING * * *
The giant frog zombie hits you.
* * * LOW HITPOINT WARNING * * *
The giant frog zombie misses you.
* * * LOW HITPOINT WARNING * * *
You feel sick.
* * * LOW HITPOINT WARNING * * *
You feel sick.
The orc priest casts a cantrip, but nothing happens.
The orc priest looks more healthy.
The giant frog zombie hits you!
You die...

###.##.###....#####.....#
##.####.....##..########
#.....#....)+...##.....#
#.....#.[...#..........#
######.####.....##..##.....#
###..###'#....##+###..##.....+
#.....'..#....#....#..##.....#
#.....#..+....+....#..##.....#
##...##..#....#@...#.........#
#....##..#....#Zo..#.........+
##.....+..#....+....'.........#
..#...###+#....#....#.).......#
..##+##........#o..##).########
..#...#........#...##..#.....
..'...#........+.......'.....
..#..<#........#.......#..
..###+#........#.......#


You could see an orc warrior, an orc priest and a giant frog zombie.

Vanquished Creatures
  A scorpion (D:4)
  A howler monkey (D:4)
  2 hounds
  2 orc priests
  An iguana (D:4)
  3 orc wizards
  A worker ant (D:6)
  Terence (D:2)
  Robin (D:3)
  4 adders
  A shadow imp (D:6)
  An ooze (D:1)
  An adder skeleton (D:4)
  3 worms
  2 giant geckos
  14 orcs
  2 ball pythons
  4 giant cockroaches
  15 goblins
  12 hobgoblins
  2 quokkas
  9 bats
  A giant gecko skeleton (D:4)
  6 giant newts
  3 kobolds
  9 rats
102 creatures vanquished.

Vanquished Creatures (others)
  A giant newt (D:1)
1 creature vanquished.

Grand Total: 103 creatures vanquished

Notes
Turn   | Place    | Note
--------------------------------------------------------------
     0 | D:1      | Oddball22 the Octopode Venom Mage began the quest for the Orb.
     0 | D:1      | Reached XP level 1. HP: 11/11 MP: 3/3
   384 | D:1      | Reached XP level 2. HP: 17/17 MP: 0/5
   507 | D:1      | Reached skill level 5 in Poison Magic
   542 | D:1      | Learned a level 2 spell: Cure Poison
   905 | D:1      | Reached XP level 3. HP: 18/21 MP: 2/7
  1298 | D:2      | Noticed Terence
  1304 | D:2      | Learned a level 3 spell: Mephitic Cloud
  1440 | D:2      | Killed Terence
  1440 | D:2      | Reached XP level 4. HP: 27/27 MP: 0/9
  2084 | D:3      | Learned a level 4 spell: Olgreb's Toxic Radiance
  2092 | D:3      | Found a glowing silver altar of Zin.
  2092 | D:3      | Found a shadowy altar of Dithmenos.
  2169 | D:3      | Found an iron altar of Okawaru.
  2592 | D:3      | Reached XP level 5. HP: 14/31 MP: 11/11
  2977 | D:3      | Noticed Robin
  3150 | D:3      | Killed Robin
  3489 | D:4      | Reached skill level 6 in Poison Magic
  3489 | D:4      | Reached XP level 6. HP: 36/36 MP: 5/13
  3569 | D:4      | Reached skill level 5 in Spellcasting
  3595 | D:4      | Learned a level 5 spell: Venom Bolt
  3726 | D:4      | Reached skill level 1 in Conjurations
  3761 | D:4      | Reached skill level 1 in Air Magic
  4012 | D:4      | Noticed trgk's ghost (amateur MiGl)
  4521 | D:5      | Entered Level 5 of the Dungeon
  4583 | D:5      | Noticed a black bear
  4665 | D:6      | Found a staircase to the Ecumenical Temple.
  4673 | Temple   | Entered the Ecumenical Temple
  5135 | D:6      | Reached XP level 7. HP: 39/41 MP: 14/14
  5197 | D:6      | Got an iridescent rapier
  5198 | D:6      | Identified the +0 rapier "Tinwymelec" {flame, rF++ Dex+4} (You found it on level 6 of the Dungeon)
  5603 | D:6      | HP: 2/41 [giant frog zombie (4)]
  5607 | D:6      | Mangled by a giant frog zombie

Vault maps used:
D:1:      dpeg_arrival_more_subterranean_lakeside_camping, lemuel_old_faithful
D:2:      uniq_terence
D:3:      grunt_temple_overflow_open, uniq_robin
D:5:      first_bread, uniq_crazy_yiuf_cottage
D:6:      minmay_temple_entry_purple_smoke, serial_shops, shop
Temple:   minmay_crystal_spiral_temple_12

Skill      XL: |  1  2  3  4  5  6 |
---------------+-------------------+-----
Poison Magic   | 5 6 |  6.2
Spellcasting   | 3 4 5 |  5.0
Conjurations   | 2 |  2.9
Air Magic      | 2 |  2.5
Dodging        | |  2.0
Stealth        | |  2.6

Action                   |  1- 3 |  4- 6 |  7- 9 || total
-------------------------+-------+-------+-------++-------
Melee: Unarmed           |    32 |     7 |       ||    39
       Dagger            |       |    68 |     5 ||    73
       Staff             |       |    19 |       ||    19
       Rapier            |       |       |     7 ||     7
 Cast: Sting             |    62 |    68 |     2 ||   132
       Mephitic Cloud    |     2 |       |       ||     2
       Cure Poison       |       |       |     3 ||     3
       Olgreb's Toxic Ra |       |       |     2 ||     2
  Use: Potion            |     1 |       |     2 ||     3
       Scroll            |       |       |     1 ||     1
 Stab: Sleeping          |     1 |     4 |       ||     5
  Eat: Chunk             |     2 |    11 |     1 ||    14
